 Dungeon Crawl Stone Soup version 0.29.1-12-g30fa7ad0bf (webtiles) character file.

Game seed: 10661869152872180552

172806 croobank the Fighter (level 17, -1/135 HPs)
             Began as a Demonspawn Conjurer on Dec 22, 2022.
             Was an Initiate of Gozag.
             Slain by an emperor scorpion (15 damage)
             ... on level 4 of the Spider Nest.
             The game lasted 02:29:32 (44240 turns).

croobank the Fighter (Demonspawn Conjurer)         Turns: 44240, Time: 02:29:33

Health: -1/135     AC: 12    Str:  8 (9)  XL:     17   Next: 42%
Magic:  11/31      EV: 21    Int: 29      God:    Gozag
Gold:   4289       SH: 11    Dex: 14      Spells: 0/36 levels left

rFire   . . .      SeeInvis +   a - +9 falchion (spect)
rCold   + . .      Faith    .   C - +0 kite shield
rNeg    . . .      Spirit   .   V - +1 robe of Vines {NoPotionHeal Regen++++}
rPois   .          Reflect  .   (helmet restricted)
rElec   +          Harm     .   A - +0 cloak
rCorr   +          Rampage  .   o - +2 pair of gloves
Will    +++..      Rage     50% G - +0 pair of boots
Stlth   ++++++....              K - necklace of Bloodlust {*Rage Will++ Int-3 Slay+6}
HPRegen 3.52/turn               e - ring of see invisible
MPRegen 0.22/turn               X - ring "Qehoirri" {rElec rC+ Str+2 Int+6 Stlth+}

@: mighty, agile, lethally poisoned (-1 -> -7), sluggish, gold aura, on berserk
cooldown, slowed, very slow
A: horns 2, yellow scales 3, powered by pain 2, spiny 3
a: Renounce Religion, Potion Petition, Call Merchant, Bribe Branch


You were on level 4 of the Spider Nest.
You worshipped Gozag.
Gozag was most pleased with you.
You visited 4 branches of the dungeon, and saw 26 of its levels.
You also visited: Bailey.

You collected 10366 gold pieces.
You spent 1760 gold pieces at shops.
You paid 4317 gold pieces to Gozag.

Inventory:

Hand Weapons
 a - a +9 spectral falchion (weapon)
 b - the +7 sling "Rippiq" {vorpal, Str+5}
   (You found it on level 5 of the Dungeon)

   Any ammunition fired from it inflicts extra damage upon your enemies.
   Str:       It affects your strength (+5).
 m - the +10 trident of Equilibrium {elec, *Noise Int+5}
   (You found it on level 5 of the Lair of Beasts)

   It occasionally discharges a powerful burst of electricity upon striking a
   foe.
   Int:       It affects your intelligence (+5).
   *Noise:    It may make noises in combat.
 q - a +4 dagger of speed
Missiles
 n - 4 throwing nets
Armour
 o - a +2 pair of gloves (worn)
 A - a +0 cloak (worn)
 C - a +0 kite shield (worn)
 G - a +0 pair of boots (worn)
 V - the +1 robe of Vines (worn) {NoPotionHeal Regen++++}
   (You found it in a bailey)

   Its wearer cannot be healed by potions.
   Regen:     It increases your rate of health regeneration.
Magical Staves
 x - a staff of fire
Jewellery
 d - an amulet of reflection
 e - a ring of see invisible (left hand)
 f - the amulet "Nappa" {RegenMP *Slow Fly Str+5 Dex-4}
   (You found it on level 4 of the Dungeon)

   [amulet of magic regeneration]

   It increases your rate of magic regeneration.
   Str:       It affects your strength (+5).
   Dex:       It affects your dexterity (-4).
   Fly:       It grants you flight.
   *Slow:     It may slow you when you take damage.
 s - a ring of ice
 B - a ring of willpower
 J - the ring "Coteasux" {*Corrode Fly rElec MP+9 Dex+4}
   (You found it in a bailey)

   [ring of magical power]

   Dex:       It affects your dexterity (+4).
   rElec:     It insulates you from electricity.
   MP:        It affects your magic capacity (+9).
   Fly:       It grants you flight.
   *Corrode:  It may corrode you when you take damage.
 K - the necklace of Bloodlust (around neck) {*Rage Will++ Int-3 Slay+6}
   (You found it on level 1 of the Lair of Beasts)

   [amulet of nothing]

   It extends the wearer's berserk rage when killing foes.
   Int:       It affects your intelligence (-3).
   Slay:      It affects your accuracy & damage with ranged weapons and melee
   (+6).
   *Rage:     It berserks you when you make melee attacks (+50% chance).
   Will:      It greatly increases your willpower.
 U - a ring of resist corrosion
 X - the ring "Qehoirri" (right hand) {rElec rC+ Str+2 Int+6 Stlth+}
   (You took it off a wight on level 9 of the Dungeon)

   [ring of intelligence]

   Str:       It affects your strength (+2).
   Int:       It affects your intelligence (+6).
   rC:        It protects you from cold.
   rElec:     It insulates you from electricity.
   Stlth:     It makes you more stealthy.
 Y - a ring of magical power
Wands
 c - a wand of roots (6)
 h - a wand of mindburst (1)
 i - a wand of flame (51)
 w - a wand of polymorph (28)
 y - a wand of charming (34)
 E - a wand of acid (10)
Scrolls
 j - 2 scrolls of enchant armour
 l - 2 scrolls of silence
 p - 5 scrolls of torment
 u - 3 scrolls of poison
 L - 8 scrolls of identify
 P - 6 scrolls of teleportation
 R - 3 scrolls of fog
 S - 3 scrolls of magic mapping
 T - a scroll of fear
 W - 3 scrolls of summoning
 Z - 4 scrolls of amnesia
Potions
 g - 4 potions of brilliance
 k - 3 potions of flight
 r - 8 potions of might
 t - 2 potions of invisibility
 v - 10 potions of lignification
 z - 11 potions of cancellation
 D - 3 potions of haste
 H - 5 potions of ambrosia
 I - 3 potions of attraction
 M - a potion of magic
 N - 4 potions of mutation
 O - 7 potions of curing
 Q - 2 potions of resistance
Miscellaneous
 F - a phial of floods


   Skills:
 + Level 12.4 Fighting
 - Level 3.8 Armour
 + Level 11.3 Dodging
 - Level 11.5 Stealth
 - Level 8.3 Shields
 - Level 10.0 Spellcasting
 - Level 10.0 Conjurations
 + Level 8.2 Hexes
 + Level 9.3 Summonings
 - Level 9.4 Translocations
 + Level 10.3 Ice Magic


You couldn't memorise any spells.
You knew the following spells:

 Your Spells              Type           Power      Damage    Failure   Level
a - Magic Dart            Conj           100%       1d8       1%          1
b - Searing Ray           Conj           100%       2d8       1%          2
c - Dazzling Flash        Conj/Hex       100%       N/A       1%          3
d - Iskenderun's Mystic   Conj/Tloc      63%        2d13      1%          4
e - Summon Guardian Gole  Hex/Summ       60%        N/A       1%          3
f - Freezing Cloud        Conj/Ice/Air   26%        6-21      16%         5
g - Blink                 Tloc           100%       N/A       1%          2
h - Summon Mana Viper     Hex/Summ       60%        N/A       7%          5
i - Summon Forest         Summ/Tloc      31%        N/A       5%          5
j - Call Canine Familiar  Summ           62%        N/A       1%          3
k - Swiftness             Air            14%        N/A       26%         3

Your spell library contained the following spells:

 Spells                   Type           Power      Damage    Failure   Level
 Apportation              Tloc           100%       N/A       1%          1
 Shock                    Conj/Air       100%       1d9       1%          1
 Slow                     Hex            100%       N/A       1%          1
 Summon Small Mammal      Summ           100%       N/A       1%          1
 Ensorcelled Hibernation  Hex/Ice        100%       N/A       1%          2
 Confusing Touch          Hex            58%        N/A       1%          3
 Gell's Gravitas          Tloc           62%        N/A       1%          3
 Lesser Beckoning         Tloc           62%        N/A       1%          3
 Ozocubu's Armour         Ice            65%        N/A       1%          3
 Portal Projectile        Hex/Tloc       100%       N/A       1%          3
 Teleport Other           Tloc           62%        N/A       1%          3
 Hailstorm                Conj/Ice       65%        3d14      1%          4
 Fulminant Prism          Conj/Hex       30%        3d16      2%          4
 Mephitic Cloud           Conj/Pois/Air  33%        N/A       7%          3
 Necrotise                Necr           56%        1d6       9%          1
 Sting                    Tmut/Pois      56%        1d5       9%          1
 Ice Form                 Ice/Tmut       44%        N/A       11%         4
 Passwall                 Tmut/Erth      11%        N/A       14%         2
 Poisonous Vapours        Pois/Air       28%        N/A       14%         2
 Leda's Liquefaction      Hex/Erth       19%        N/A       17%         4
 Ignite Poison            Fire/Tmut/Pois 14%        N/A       26%         3
 Vampiric Draining        Necr           14%        2d7       26%         3
 Summon Cactus Giant      Summ           31%        N/A       30%         6
 Airstrike                Air            7%         2d(1-17)  65%         4
 Olgreb's Toxic Radiance  Pois           14%        N/A       65%         4
 Ozocubu's Refrigeration  Ice            32%        4d14      75%         7
 Malign Gateway           Summ/Tloc      31%        N/A       86%         7
 Agony                    Necr           14%        N/A       94%         5
 Summon Horrible Things   Summ           31%        N/A       100%        8
 Simulacrum               Ice/Necr       Unusable   N/A       N/A         6

Dungeon Overview and Level Annotations

Branches:
Dungeon (15/15)            Temple (0/1) D:7            Lair (5/5) D:11
  Swamp (0/4) Lair:2       Spider (4/4) Lair:2        Slime (0/5) Lair:5
    Orc (2/2) D:10            Elf (0/3) Orc:2        Vaults (0/5) D:14
 Depths (0/4) D:15         Bailey (visited)

Altars:
Ashenzari
Dithmenos
Gozag
Hepliaklqana
Kikubaaqudgha
Nemelex Xobeh
Ru
Sif Muna
Trog
Jiyva

Shops:
D:1 (   D:5 ?   Orc:2 (!*   Lair:2 :?**

Portals:
Trove: D:15 (give 8 potions of haste)


Innate Abilities, Weirdness & Mutations

You have a pair of horns on your head.
You are completely covered in yellow scales. (AC +4, rCorr)
You sometimes gain power by taking damage.
You are completely covered in sharp spines.


Message History

The emperor scorpion closely misses you.
You hear an angry buzzing noise. x2
You block the emperor scorpion's attack. x2
The emperor scorpion misses you.
You block the emperor scorpion's attack.
The emperor scorpion misses you. The emperor scorpion claws you.
The emperor scorpion is struck by your spines.
The emperor scorpion stings you.
You are poisoned.
The emperor scorpion poisons you! The emperor scorpion claws you.
* * * LOW HITPOINT WARNING * * *
The emperor scorpion claws you but does no damage.
The emperor scorpion stings you!
* * * LOW HITPOINT WARNING * * *
The emperor scorpion misses you.
The emperor scorpion completely misses you.
The emperor scorpion is struck by your spines.
The emperor scorpion completely misses you.
You block the emperor scorpion's attack.
The emperor scorpion claws you.
* * * LOW HITPOINT WARNING * * *
You hit the emperor scorpion. You headbutt the emperor scorpion!
The emperor scorpion is moderately wounded.
* * * LOW HITPOINT WARNING * * *
You focus on the pain.
You feel more agile all of a sudden.
You feel extremely sick.
The steelbarb worm is no longer distracted by gold.
The emperor scorpion closely misses you. x3
You block the emperor scorpion's attack.
The emperor scorpion claws you but does no damage.
The emperor scorpion misses you.
You block the emperor scorpion's attack.
The emperor scorpion misses you. The emperor scorpion barely misses you.
The emperor scorpion is struck by your spines.
The emperor scorpion stings you but does no damage.
You block the emperor scorpion's attack. x2
The emperor scorpion stings you!
You die...
Your body crumbles into a pile of gold. ♣...~~#### ### #####.~~~~.# ##~..~~# +..! ^s. #~.~# ##~..~## #... !. ##..~# ######.^^### yy##s

##~^~## #.####~..~~## #''#
##..~## #...~##~...~# #.y##
#~..~# #..~~~~~...~#####..$#
##....# #
#####~~~#~..~#~~##§☼###~..~##.##
######.~...@##$.##...~~~~..#
###~~~ss~..~..~.#~~~^..
#####~....#######~~## #~..###
### #####


You could see 2 emperor scorpions.

Vanquished Creatures
  Arachne (Spider:4)
  Rupert (D:14)
  Mlioglotl (Lair:2)
  Kirke (Lair:3)
  Agnes (Spider:4)
  Aizul (Spider:3)
  Louise (Lair:2)
  An emperor scorpion (Spider:3)
  4 ghost moths
  4 broodmothers
  Nessos (D:14)
  3 entropy weavers
  A spark wasp (Spider:3)
  An ettin (D:14)
  3 boulder beetles
  3 hydras
  2 jorogumos
  A merfolk avatar (Lair:5)
  2 catoblepae
  Erolcha (Orc:1)
  2 radroaches
  8 death yaks
  5 centaur warriors
  4 two-headed ogres
  2 tengu warriors
  Urug (Lair:2)
  Sonja (Lair:5)
  7 pharaoh ants
  Amaemon (Lair:2)
  A sun moth (Spider:2)
  5 orb spiders
  2 sea snakes (Lair:5)
  5 steelbarb worms
  2 wizards (D:15)
  A necromancer (D:15)
  4 deep elf pyromancers
  3 deep elf zephyrmancers
  7 orc knights
  2 orc sorcerers
  8 ugly things
  3 cyclopes
  17 wolf spiders
  5 manticores
  A moth of wrath (Spider:2)
  An ice statue (D:14)
  2 black mambas
  16 elephants
  A naga mage (D:15)
  Joseph (D:7)
  A black mamba (shapeshifter) (D:13)
  8 torpor snails
  A guardian serpent (shapeshifter) (D:14)
  2 centaur zombies (D:15)
  10 cane toads
  An orange demon (Lair:2)
  An unseen horror (D:12)
  A gargoyle (D:12)
  16 demonic crawlers
  Psyche (D:9)
  A kobold demonologist (D:9)
  A rime drake (Lair:5)
  9 komodo dragons
  2 trolls
  A tengu conjurer (D:14)
  28 tarantellas
  3 polar bears
  2 wind drakes (Lair:5)
  A harpy skeleton (D:15)
  3 meliai (Spider:1)
  A tyrant leech (Lair:2)
  16 blink frogs
  2 hornets
  3 slime creatures (D:12)
  8 dream sheep
  A snapping turtle (Lair:5)
  29 jumping spiders
  9 culicivoras
  A centaur simulacrum (D:15)
  A shadow (D:9)
  2 vampires
  A wraith (D:13)
  3 wyverns
  A hog (shapeshifter) (D:9)
  3 hogs (Lair:3)
  30 yaks
  3 steam dragons
  50 redbacks
  2 vampire mosquitoes (D:14)
  Menkaure (D:5)
  2 swamp worms (Lair:2)
  4 wargs (Orc:2)
  2 acid dragons (D:9)
  19 water moccasins
  Duvessa (D:4)
  A meliai simulacrum (D:15)
  36 orc warriors
  3 black bears
  A sky beast (D:7)
  8 boggarts
  7 ogres
  2 centaurs
  12 wolves
  2 phantoms
  2 kobold brigands
  2 gnoll sergeants
  A necrophage (D:7)
  5 scorpions
  10 bullfrogs
  12 wights
  Dowan (D:4)
  7 killer bees
  A nameless horror (D:11)
  3 electric eels
  2 howler monkeys (D:9)
  3 jellies
  3 hounds (D:5)
  10 orc priests
  Ijyb (D:3)
  6 iguanas
  23 orc wizards
  5 hell rats (Lair:5)
  A hound zombie (D:3)
  2 hound skeletons (D:3)
  Robin (D:3)
  10 adders
  8 gnolls
  2 white imps
  2 dart slugs
  106 orcs
  7 endoplasms
  6 giant cockroaches
  27 goblins
  9 hobgoblins
  7 jackals
  21 kobolds
  3 quokkas
  4 ball pythons
  2 bats
  5 frilled lizards
  7 rats
839 creatures vanquished.

Vanquished Creatures (collateral kills)
  A ghost moth (Spider:4)
  A jorogumo (Spider:4)
  2 death yaks (Lair:5)
  A sun moth (Spider:4)
  2 orb spiders (Spider:4)
  5 elephants (Lair:5)
  A manticore (Lair:5)
  A rime drake (Lair:5)
  A wind drake (Lair:5)
  A tarantella (Spider:4)
  A blink frog (Lair:5)
  A snapping turtle (Lair:5)
  2 culicivoras (Spider:4)
  A yak (Lair:5)
  2 redbacks (Spider:4)
  A nameless horror (Spider:4)
24 creatures vanquished.

Vanquished Creatures (others)
  Frances (D:14)
  A spark wasp (Spider:4)
  A boulder beetle (Spider:3)
  6 hydras
  2 radroaches
  2 two-headed ogres
  5 death yaks
  An orb spider (Spider:1)
  3 orc knights (Orc:2)
  A wolf spider (Spider:3)
  3 ugly things (D:14)
  An elephant (Lair:4)
  A black mamba (Lair:2)
  Maggie (D:7)
  A cane toad (Lair:2)
  3 komodo dragons (Lair:5)
  A troll (Orc:1)
  3 meliai (Spider:2)
  2 hornets
  A blink frog (Lair:1)
  16 yaks
  2 culicivoras (Spider:2)
  A basilisk (Lair:4)
  2 redbacks
  A water moccasin (Lair:1)
  19 orc warriors
  A sky beast (D:7)
  An ogre (D:11)
  A gnoll sergeant (D:10)
  2 orc priests
  2 orc wizards
  4 gnolls (D:10)
  18 orcs
  A bush (Lair:5)
  34 fungi
  72 plants
  5 withered plants (D:3)
222 creatures vanquished.

Grand Total: 1085 creatures vanquished

Notes
Turn   | Place    | Note
-------+----------+-------------------------------------------
     0 | D:1      | croobank the Demonspawn Conjurer began the quest for the
                  | Orb.
     0 | D:1      | Reached XP level 1. HP: 13/13 MP: 3/3
    50 | D:1      | Found a faded altar of an unknown god.
   363 | D:1      | Gained mutation: You are partially covered in sharp spines.
                  | [demonic ancestry]
   363 | D:1      | Reached XP level 2. HP: 19/19 MP: 5/5
   366 | D:1      | Learned a level 2 spell: Searing Ray
   835 | D:1      | Gained mutation: You have a pair of small horns on your
                  | head. [demonic ancestry]
   835 | D:1      | Reached XP level 3. HP: 24/24 MP: 6/6
   839 | D:1      | Learned a level 3 spell: Dazzling Flash
  1216 | D:1      | Found Zuunloaf's Weapon Shoppe.
  1734 | D:2      | Reached XP level 4. HP: 30/30 MP: 4/7
  2464 | D:3      | Noticed Robin
  3031 | D:3      | Gained mutation: You are partially covered in yellow
                  | scales. (AC +2) [demonic ancestry]
  3031 | D:3      | Reached XP level 5. HP: 30/35 MP: 7/9
  3766 | D:3      | Noticed Ijyb
  3810 | D:3      | Killed Ijyb
  4099 | D:3      | Killed Robin
  4524 | D:4      | Reached skill level 5 in Conjurations
  4524 | D:4      | Reached XP level 6. HP: 30/41 MP: 2/11
  4797 | D:4      | Noticed Duvessa
  4809 | D:4      | Noticed Dowan
  5565 | D:5      | Entered Level 5 of the Dungeon
  5590 | D:5      | Reached skill level 1 in Fighting
  5601 | D:5      | Reached skill level 1 in Hexes
  5623 | D:5      | Gained mutation: You are mostly covered in yellow scales.
                  | (AC +3) [demonic ancestry]
  5623 | D:5      | Reached XP level 7. HP: 25/49 MP: 1/12
  5842 | D:5      | Noticed Menkaure
  5848 | D:5      | Killed Menkaure
  5849 | D:5      | Reached skill level 2 in Fighting
  6001 | D:4      | Identified the amulet "Nappa" {RegenMP *Slow Fly Str+5
                  | Dex-4}
  6441 | D:4      | Killed Duvessa
  6442 | D:4      | Reached skill level 3 in Fighting
  6447 | D:4      | Killed Dowan
  6803 | D:4      | Reached XP level 8. HP: 58/58 MP: 6/14
  6912 | D:4      | Found a shadowy altar of Dithmenos.
  7263 | D:5      | Identified the +7 sling "Rippiq" {vorpal, Str+5}
  7487 | D:5      | Found Ruak's Magic Scroll Shoppe.
  7688 | D:6      | Learned a level 4 spell: Iskenderun's Mystic Blast
  7705 | D:6      | Reached skill level 4 in Fighting
  8430 | D:6      | Reached skill level 1 in Translocations
  8521 | D:6      | Found an opulent altar of Gozag.
  8534 | D:6      | Became a worshipper of Gozag Ym Sagoz the Greedy
  8758 | D:7      | Reached skill level 5 in Stealth
  8892 | D:7      | Found a staircase to the Ecumenical Temple.
  8894 | D:7      | Noticed a hornet
  8905 | D:7      | Killed a hornet
  8906 | D:7      | Reached skill level 5 in Fighting
  8906 | D:7      | Reached XP level 9. HP: 37/68 MP: 10/16
  9148 | D:7      | Found an ancient bone altar of Kikubaaqudgha.
  9149 | D:7      | Found a sparkling altar of Nemelex Xobeh.
  9149 | D:7      | Found a sacrificial altar of Ru.
  9152 | D:7      | Found a hazy altar of Hepliaklqana.
  9290 | D:7      | Noticed Joseph
  9298 | D:7      | Noticed Maggie
  9317 | D:7      | Killed Joseph
  9318 | D:7      | Reached skill level 5 in Spellcasting
  9618 | D:7      | Learned a level 3 spell: Summon Guardian Golem
  9644 | D:7      | Killed Maggie
  9645 | D:7      | Reached skill level 5 in Dodging
 10178 | D:7      | Reached skill level 6 in Fighting
 10377 | D:8      | Reached skill level 1 in Shields
 11239 | D:8      | Reached skill level 5 in Hexes
 11239 | D:8      | Reached XP level 10. HP: 77/77 MP: 17/19
 11616 | D:9      | Reached skill level 7 in Fighting
 11674 | D:9      | Found a flagged portal.
 11700 | Bailey   | Entered a bailey
 11951 | Bailey   | Noticed an orc knight
 11988 | Bailey   | Killed an orc knight
 11989 | Bailey   | Reached XP level 11. HP: 84/84 MP: 2/20
 12185 | Bailey   | Found a large runed translucent door.
 12185 | Bailey   | Found a large runed translucent door.
 12186 | Bailey   | Noticed a deep elf pyromancer
 12192 | Bailey   | Found the +1 robe of Vines {NoPotionHeal Regen++++}
 12249 | Bailey   | Killed a deep elf pyromancer
 12414 | Bailey   | Identified the ring "Coteasux" {*Corrode Fly rElec MP+9
                  | Dex+4}
 12621 | D:9      | Noticed a two-headed ogre
 12633 | D:9      | Killed a two-headed ogre
 12634 | D:9      | Reached skill level 5 in Shields
 12763 | D:9      | Noticed Psyche
 12775 | D:9      | Killed Psyche
 12875 | D:9      | Found a bloodstained altar of Trog.
 12995 | D:9      | Noticed a deep elf zephyrmancer
 13000 | D:9      | Noticed a deep elf zephyrmancer
 13004 | D:9      | Killed a deep elf zephyrmancer
 13011 | D:9      | Noticed a tengu warrior
 13012 | D:9      | Killed a deep elf zephyrmancer
 13018 | D:9      | Noticed a deep elf pyromancer
 13020 | D:9      | Killed a tengu warrior
 13020 | D:9      | Noticed a centaur warrior
 13038 | D:9      | Killed a deep elf pyromancer
 13039 | D:9      | Noticed a brown ugly thing
 13042 | D:9      | Killed a centaur warrior
 13052 | D:9      | Killed a brown ugly thing
 13053 | D:9      | Reached skill level 5 in Translocations
 13058 | D:9      | Noticed a six-headed hydra
 13069 | D:9      | Killed a six-headed hydra
 13249 | D:9      | Identified the ring "Qehoirri" {rElec rC+ Str+2 Int+6
                  | Stlth+}
 13768 | D:10     | Entered Level 10 of the Dungeon
 13787 | D:10     | Gained mutation: You are mostly covered in sharp spines.
                  | [demonic ancestry]
 13787 | D:10     | Reached XP level 12. HP: 92/92 MP: 22/22
 13891 | D:10     | Noticed a two-headed ogre
 14037 | D:10     | Killed a two-headed ogre
 14038 | D:10     | Reached skill level 8 in Fighting
 15039 | D:10     | Found a staircase to the Orcish Mines.
 15293 | D:11     | Noticed a death yak
 15306 | D:11     | Noticed a seven-headed hydra
 15308 | D:11     | Killed a death yak
 15309 | D:11     | Noticed a death yak
 15335 | D:11     | Killed a seven-headed hydra
 15346 | D:11     | Noticed a death yak
 15365 | D:11     | Killed a death yak
 15372 | D:11     | Killed a death yak
 16066 | D:11     | Found a staircase to the Lair.
 16216 | D:11     | You fall into a shaft and drop 3 floors!
 16356 | D:14     | Noticed Rupert
 16576 | D:13     | Noticed a centaur warrior
 16585 | D:13     | Noticed a centaur warrior
 16587 | D:13     | Killed a centaur warrior
 16594 | D:13     | Killed a centaur warrior
 16745 | D:13     | Identified the +1 mace "Paipor" {spect, Str+2 Int+4}
 16773 | D:13     | Noticed a centaur warrior
 16784 | D:13     | Killed a centaur warrior
 17225 | D:12     | Noticed a two-headed ogre
 17236 | D:12     | Killed a two-headed ogre
 18003 | D:11     | Gained mutation: You are completely covered in sharp
                  | spines. [demonic ancestry]
 18003 | D:11     | Reached XP level 13. HP: 99/99 MP: 14/24
 18927 | Lair:1   | Entered Level 1 of the Lair of Beasts
 19295 | Lair:1   | Found a shimmering blue altar of Sif Muna.
 19439 | Lair:1   | Found the necklace of Bloodlust {*Rage Will++ Int-3 Slay+6}
 19524 | Lair:1   | Reached skill level 9 in Fighting
 20073 | Lair:2   | Noticed Amaemon
 20084 | Lair:2   | Killed Amaemon
 20794 | Lair:2   | Found a hole to the Spider Nest.
 20842 | Lair:2   | Noticed Urug
 20861 | Lair:2   | Killed Urug
 21010 | Lair:2   | Identified the +7 quarterstaff of Megalomania {flame, rN+
                  | Will+}
 21225 | Lair:2   | Found a staircase to the Swamp.
 21549 | Lair:3   | Identified the +1 ring mail of Shadows and Fog {rElec}
 22072 | Lair:3   | Found the +8 frozen axe "Frostbite" {freezing cloud, *Noise
                  | Fly rC+}
 22117 | Lair:3   | Noticed Kirke
 22137 | Lair:3   | Killed Kirke
 22448 | Lair:4   | Reached skill level 10 in Conjurations
 22494 | Lair:4   | Gained mutation: You sometimes gain a little power by
                  | taking damage. [demonic ancestry]
 22494 | Lair:4   | Reached XP level 14. HP: 44/109 MP: 18/26
 22497 | Lair:4   | Reached skill level 5 in Summonings
 23717 | Lair:5   | Entered Level 5 of the Lair of Beasts
 23743 | Lair:4   | Reached skill level 10 in Fighting
 23936 | Lair:5   | Reached skill level 10 in Stealth
 24736 | Lair:5   | Noticed Sonja
 24786 | Lair:5   | Killed Sonja
 25312 | Lair:5   | Gained mutation: You sometimes gain power by taking damage.
                  | [demonic ancestry]
 25312 | Lair:5   | Reached XP level 15. HP: 117/117 MP: 15/28
 25316 | Lair:5   | Reached skill level 11 in Fighting
 25327 | Lair:5   | Reached skill level 10 in Dodging
 25331 | Lair:5   | Reached skill level 10 in Spellcasting
 25431 | Lair:5   | Found a staircase to the Slime Pits.
 25436 | Lair:5   | Found a viscous altar of Jiyva.
 25808 | Lair:5   | Identified the +10 trident of Equilibrium {elec, *Noise
                  | Int+5}
 25868 | Lair:5   | Identified the +1 pair of gloves "Arajoh" {rN+ Will- Dex+3}
 26445 | Orc:1    | Entered Level 1 of the Orcish Mines
 26761 | Orc:1    | Noticed Erolcha
 26779 | Orc:1    | Killed Erolcha
 27108 | Orc:2    | Entered Level 2 of the Orcish Mines
 27117 | Orc:2    | Found a staircase to the Elven Halls.
 28564 | Orc:2    | Found Jusoid's Assorted Antiques.
 28564 | Orc:2    | Found Hyeppirph's Distillery.
 28591 | Orc:2    | Bought a potion of might for 60 gold pieces
 28591 | Orc:2    | Bought 2 potions of cancellation for 240 gold pieces
 28591 | Orc:2    | Bought a potion of might for 60 gold pieces
 28591 | Orc:2    | Bought a potion of berserk rage for 75 gold pieces
 28591 | Orc:2    | Bought a potion of invisibility for 120 gold pieces
 28600 | Orc:2    | Bought a scroll of enchant weapon for 202 gold pieces
 28600 | Orc:2    | Bought a scroll of enchant weapon for 202 gold pieces
 28940 | Orc:2    | Found Bilorphokk's Antique Weapon Shoppe.
 28940 | Orc:2    | Found Vocor's Book Shop.
 29851 | D:14     | Noticed Frances
 29867 | D:14     | Noticed Nessos
 29870 | D:14     | Killed Frances
 29871 | D:14     | Reached skill level 1 in Ice Magic
 29886 | D:14     | Killed Rupert
 29897 | D:14     | Killed Nessos
 31528 | D:14     | Reached skill level 5 in Ice Magic
 31804 | D:14     | Found a gate to the Vaults.
 32096 | D:15     | Entered Level 15 of the Dungeon
 32432 | D:15     | Found a staircase to the Depths.
 32477 | D:15     | Found a broken altar of Ashenzari.
 32632 | D:15     | Found a portal to a secret trove of treasure.
 33410 | Lair:2   | Learned a level 5 spell: Freezing Cloud
 33411 | Spider:1 | Entered Level 1 of the Spider Nest
 33508 | Lair:2   | Bought 2 potions of curing for 222 gold pieces
 33508 | Lair:2   | Bought a potion of curing for 111 gold pieces
 33512 | Lair:2   | Bought Sif Muna's Compilation of the Creative Tesseract for
                  | 468 gold pieces
 33515 | Lair:2   | Learned a level 2 spell: Blink
 33521 | Lair:2   | Learned a level 5 spell: Summon Mana Viper
 33718 | Lair:2   | Gained mutation: You are completely covered in yellow
                  | scales. (AC +4, rCorr) [demonic ancestry]
 33718 | Lair:2   | Reached XP level 16. HP: 123/126 MP: 13/30
 35103 | Spider:1 | Noticed Mlioglotl
 35410 | Lair:2   | Killed Mlioglotl
 36485 | Spider:1 | Noticed Louise
 36710 | Lair:2   | Killed Louise
 37762 | Spider:2 | Reached skill level 1 in Armour
 41098 | Spider:3 | Learned a level 5 spell: Summon Forest
 41166 | Spider:3 | Identified the +8 ring mail "Neuwag" {rC+}
 41315 | Spider:3 | Noticed Aizul
 41328 | Spider:3 | Killed Aizul
 42098 | Spider:4 | Entered Level 4 of the Spider Nest
 42104 | Spider:4 | Learned a level 3 spell: Call Canine Familiar
 42333 | Spider:4 | Gained mutation: You have a pair of horns on your head.
                  | [demonic ancestry]
 42333 | Spider:4 | Reached XP level 17. HP: 130/133 MP: 13/31
 42478 | Spider:3 | Reached skill level 12 in Fighting
 42740 | Spider:4 | Paralysed by a jorogumo for 3 turns
 42743 | Spider:4 | HP: 3/129 [jorogumo (16)]
 42873 | Spider:4 | Reached skill level 10 in Ice Magic
 42934 | Spider:4 | Noticed Arachne
 43048 | Spider:4 | Killed Arachne
 43754 | Spider:4 | Noticed Agnes
 43765 | Spider:4 | Killed Agnes
 44222 | Spider:4 | Learned a level 3 spell: Swiftness
 44240 | Spider:4 | Slain by an emperor scorpion

Illustrated notes

Levels and vault maps discovered:
D:1:      evilmike_arrival_fibonacci_small, layout_basic,
          dreamdust_ecumenical_altar_statues, serial_shops,
          nicolae_shop_behind_doors
D:2:      layout_loops_cross
D:3:      kennysheep_goblin_castle, layout_rooms, serial_undead,
          serial_undead_c, serial_undead_c, serial_undead_f, serial_undead_a,
          serial_undead_f, serial_undead_b, amcnicky_mini_pool_small, uniq_robin
D:4:      layout_cave_pools, gammafunk_temple_overflow_elements, uniq_duvessa
D:5:      layout_loops_ring, serial_shops, kennysheep_little_box, uniq_menkaure
D:6:      layout_loops_corners, nicolae_gozag_cash_rules_everything_around_me
D:7:      layout_basic, grunt_temple_overflow_open, minmay_temple_entry_trees,
          uniq_joseph, uniq_maggie
D:8:      layout_loops_ring
D:9:      minmay_the_grid_plus [minmay_the_grid_minigrid_small_alt,
          minmay_the_grid_dragon_a, minmay_the_grid_diamond_grid,
          minmay_the_grid_tri_star, minmay_the_grid_prize_inner_circle],
          layout_long_grid, trog_butcher_becter, lightli_bailey_entry_fortress,
          uniq_psyche
D:10:     layout_cave_pods, hiddenorc1_lemuel
D:11:     layout_loops_ring, dpeg_lair_monsters, special_room [special_room_orc]
D:12:     layout_long_grid, chequers_arboretum
D:13:     layout_stronghold
D:14:     layout_long_grid, david_vaults_4, minmay_crystal_room, minivault_16,
          uniq_rupert, uniq_frances, uniq_nessos
D:15:     grunt_enter_depths_magical_seal, layout_loops_ring, ashenzari_altar_1,
          nicolae_trove_entry_crossroad
Lair:1:   layout_roguey, basic_altar, beast_lair_carwin_6, lemuel_fruit_tree,
          serial_bayou_shore_a
Lair:2:   layout_regular_city, palyth_hydra_swamp_entry,
          spider_nest_entry_rubble, infiniplex_staircase_pool, uniq_amaemon,
          uniq_urug
Lair:3:   layout_loops_ring, grunt_megastairs_2, uniq_kirke
Lair:4:   layout_gridlike
Lair:5:   gammafunk_lair_ancient_temple, layout_gridlike,
          dpeg_slime_entry_corner, uniq_sonja
Spider:1: layout_spider_delve, uniq_mlioglotl, uniq_louise
Spider:2: layout_chambers
Spider:3: layout_cave_pods, worms_lemuel, uniq_aizul
Spider:4: spider_rune_water, uniq_arachne, uniq_agnes
Orc:1:    layout_caves, uniq_erolcha
Orc:2:    st_orc_town, layout_diamond_mine, basic_altar,
          hellmonk_guarded_unrand_dark_maul

Skill      XL: |  1  2  3  4  5  6  7  8  9 10 11 12 13 14 15 16 17 |
---------------+----------------------------------------------------+-----
Stealth        | 2 3 4 5 6 7 8 9 10 11 | 11.5
Dodging        | 2 3 4 6 7 8 9 10 11 | 11.3
Spellcasting   | 3 4 6 7 8 9 10 | 10.0
Conjurations   | 5 6 7 8 9 10 | 10.0
Fighting       | 1 3 5 6 7 8 9 10 11 12 | 12.4
Hexes          | 1 2 3 5 7 8 |  8.2
Translocations | 1 4 5 6 7 8 9 |  9.4
Shields        | 4 6 8 |  8.3
Summonings     | 2 4 5 8 9 |  9.3
Ice Magic      | 7 9 10 | 10.3
Armour         | 3 |  3.8

Action                   |  1- 3 |  4- 6 |  7- 9 | 10-12 | 13-15 | 16-18 || total
-------------------------+-------+-------+-------+-------+-------+-------++-------
Melee: Dagger            |    24 |    55 |    80 |    32 |    32 |       ||   223
       Headbutt          |       |     9 |    21 |    51 |   181 |    94 ||   356
       Unarmed           |       |     2 |       |     7 |       |       ||     9
       Punch             |       |       |     1 |       |       |       ||     1
       Falchion          |       |       |       |   203 |   601 |   276 ||  1080
       Staff             |       |       |       |     3 |       |       ||     3
       Trident           |       |       |       |       |     7 |       ||     7
 Fire: Sling             |       |       |   102 |    57 |       |       ||   159
 Cast: Magic Dart        |    24 |    71 |    18 |    42 |   116 |    62 ||   333
       Searing Ray       |    12 |    26 |    25 |    20 |   101 |    57 ||   241
       Dazzling Flash    |       |     5 |    16 |     8 |     5 |       ||    34
       Summon Guardian G |       |       |     3 |    34 |    74 |    29 ||   140
       Iskenderun's Myst |       |       |     1 |    20 |    75 |   109 ||   205
       Summon Mana Viper |       |       |       |       |       |    17 ||    17
       Call Canine Famil |       |       |       |       |       |     3 ||     3
       Blink             |       |       |       |       |       |     1 ||     1
       Swiftness         |       |       |       |       |       |     1 ||     1
       Summon Forest     |       |       |       |       |       |     1 ||     1
Invok: Potion Petition   |       |       |       |       |     1 |     1 ||     2
       Call Merchant     |       |       |       |       |     4 |       ||     4
Evoke: Wand              |       |       |       |       |     7 |     4 ||    11
  Use: Potion            |       |     1 |     2 |     1 |     3 |     4 ||    11
       Scroll            |       |    11 |    10 |    11 |     7 |     4 ||    43
 Stab: Sleeping          |     4 |     5 |     3 |     6 |    11 |     2 ||    31
       Invisible         |       |     3 |     6 |     1 |       |     1 ||    11
       Distracted        |       |       |       |     4 |    24 |     6 ||    34
       Confused          |       |       |       |     2 |       |       ||     2
       Held in net/web   |       |       |       |       |       |     1 ||     1
Armor: Robe              |     4 |    12 |    32 |    58 |   151 |   136 ||   393
       Skin              |       |     1 |       |       |       |       ||     1
Dodge: Dodged            |    14 |    47 |    76 |   118 |   362 |   332 ||   949
Block: Other             |       |       |    32 |     7 |       |       ||    39
       Reflection        |       |       |     1 |    22 |    18 |       ||    41
       Kite shield       |       |       |       |   203 |   616 |   287 ||  1106
